 Dungeon Crawl Stone Soup version 0.31-a0-1074-g0b22e4e0f1 (webtiles) character file.

Game seed: 16043757862424949975

50 wildpjah the Slasher (level 4, -4/37 HPs)
             Began as a Meteoran Gladiator on Dec 5, 2023.
             Slain by a cerulean imp
             ... wielding a +2 spear
             ... summoned by Natasha
              (6 damage)
             ... on level 4 of the Dungeon.
             The game lasted 00:02:12 (873 turns).

wildpjah the Slasher (Meteoran Gladiator)            Turns: 873, Time: 00:02:13

Health: -4/37      AC:  5    Str: 15    XL:     4   Next: 24%
Magic:  5/5        EV: 13    Int:  9    God:
Gold:   94         SH:  0    Dex: 18    Spells: 3/3 levels left

rFire   + . .        h - +2 short sword (protect)
rCold   . . .        (no shield)
rNeg    . . .        m - +1 leather armour {rF+}
rPois   .            c - +0 helmet
rElec   .            (no cloak)
rCorr   .            (no gloves)
SInv    .            (no boots)
Will    .....        (no amulet)
Stlth   +            f - ring of wizardry
HPRegen 0.26/turn    (no ring)
MPRegen 0.09/turn

%: wizardry (x1)
@: slowed, glowing, very slow
A: sense surroundings 1, otherworldly, glowing, explore regen
a: no special abilities


You were on level 4 of the Dungeon.
You visited 1 branch of the dungeon, and saw 3 of its levels.

You collected 94 gold pieces.

Inventory:

Hand Weapons
 a - a +0 long sword
 h - a +2 short sword of protection (weapon)
Missiles
 d - 3 throwing nets (quivered)
 e - a javelin
Armour
 c - a +0 helmet (worn)
 m - a +1 leather armour of fire resistance (worn)
Jewellery
 f - a ring of wizardry (left hand)
Wands
 n - a wand of digging (4)
Scrolls
 g - a scroll of revelation {unknown}
 j - a scroll of poison {unknown}
 l - a scroll of noise {unknown}
Potions
 b - a potion of might {unknown}
 i - a potion of cancellation {unknown}
 k - 2 potions of attraction {unknown}


   Skills:
 + Level 2.6 Fighting
 + Level 4.7 Long Blades
 + Level 2.6 Throwing
 + Level 0.7 Armour
 + Level 3.6 Dodging


You had 3 spell levels left.
You didn't know any spells.
Your spell library was empty.

Dungeon Overview and Level Annotations

Branches:
Dungeon (2/15) Zot: 913    Temple (0/1) D:4

Altars:

Annotations:
D:4 Natasha


Innate Abilities, Weirdness & Mutations

You passively map a small area around you.
You are easily found by Zot.
You glow in the dark.
You regain HP and MP as you explore.


Message History

Natasha barely misses you.
The cerulean imp hits you but does no damage.
The cerulean imp closely misses you. x2
You barely miss Natasha.
Natasha is moderately wounded.
Natasha claws you.
The cerulean imp hits you but does no damage.
The cerulean imp barely misses you.
The cerulean imp hits you but does no damage.
Natasha barely misses you.
You barely miss Natasha.
Natasha is moderately wounded.
The cerulean imp barely misses you. The cerulean imp completely misses you.
The cerulean imp closely misses you. Natasha claws you.
The cerulean imp hits you from afar with a +2 spear.
The cerulean imp hits you but does no damage.
You hit Natasha.
Your weapon exudes an aura of protection.
Natasha is heavily wounded.
The cerulean imp barely misses you. Natasha closely misses you.
The cerulean imp hits you but does no damage. x2
The cerulean imp barely misses you.
You barely miss Natasha.
Natasha is heavily wounded.
The cerulean imp disappears in a puff of smoke!
Natasha claws you.
The cerulean imp hits you with a +0 spear.
* * * LOW HITPOINT WARNING * * *
The cerulean imp hits you from afar with a +2 spear.
* * * LOW HITPOINT WARNING * * *
Natasha claws you but does no damage.
You barely miss Natasha.
Natasha is heavily wounded.
The cerulean imp closely misses you.
The cerulean imp hits you with a +0 spear.
* * * LOW HITPOINT WARNING * * *
Natasha barely misses you.
The cerulean imp hits you but does no damage.
The cerulean imp hits you from afar with a +2 spear.
You die...

#≈~...#
##≈≈..##
#≈~~..##
#≈~..~≈#
##~..≈≈#
##..~##
##.##
###§###
#8.@.8#
#..5h.#
#.5>..#
#.....#
#8...8#
#######


You could see Natasha and 2 cerulean imps.

Vanquished Creatures
  An adder (D:2)
  2 dart slugs
  7 ball pythons
  6 endoplasms
  2 giant cockroaches (D:1)
  3 goblins
  3 hobgoblins
  A bat (D:1)
  A frilled lizard (D:1)
  2 kobolds
  6 rats
34 creatures vanquished.

Notes
Turn   | Place    | Note
-------+----------+-------------------------------------------
     0 | D:1      | wildpjah the Meteoran Gladiator began the quest for the
                  | Orb.
     0 | D:1      | Reached XP level 1. HP: 17/17 MP: 2/2
    27 | D:1      | Found a faded altar of an unknown god.
   152 | D:1      | Reached XP level 2. HP: 22/24 MP: 3/3
   205 | D:1      | Reached skill level 4 in Long Blades
   215 | D:1      | Reached XP level 3. HP: 28/30 MP: 4/4
   636 | D:2      | Reached XP level 4. HP: 37/37 MP: 5/5
   810 | D:2      | You fall into a shaft and drop 2 floors!
   858 | D:4      | Found a staircase to the Ecumenical Temple.
   858 | D:4      | Noticed Natasha
   873 | D:4      | Slain by a cerulean imp

Illustrated notes

Levels and vault maps discovered:
D:1:      minmay_arrival_checkered_box, layout_basic,
          ebering_ecumenical_altar_mist, nicolae_eternal_life
D:2:      minmay_kobold_bridge, layout_basic
D:4:      layout_basic, minmay_temple_entry_fiery, minmay_surrounded,
          uniq_natasha

Skill      XL: |  1  2 |
---------------+-------+-----
Long Blades    | 4 |  4.7
Fighting       | |  2.6
Throwing       | |  2.6
Armour         | |  0.7
Dodging        | |  3.6

Action                     |  1- 3 |  4- 6 || total
---------------------------+-------+-------++-------
  Melee: Long sword        |    63 |       ||    63
         Short sword       |    29 |    14 ||    43
         Punch             |     2 |       ||     2
 Armour: Leather armour    |    42 |    32 ||    74
  Dodge: Dodged            |    61 |    27 ||    88

Table legend: (Time is in decaauts)
 A = Elapsed time spent in this place.
 B = Non-inter-level travel time spent in this place.
 C = Inter-level travel time spent in this place.
 D = Time resting spent in this place.
 E = Time spent auto-exploring this place.
 F = Levels seen in this place.
 G = Mean time per level.
                   A        B        C        D        E       F      G
               +--------+--------+--------+--------+--------+-----+--------+
         Total |    885 |    866 |     19 |      0 |    614 |   3 |  295.0 |
       Dungeon |    885 |    866 |     19 |      0 |    614 |   3 |  295.0 |
               +--------+--------+--------+--------+--------+-----+--------+

Top non-repeatable levels by time:
     D:1: 473 daAuts
     D:2: 345 daAuts
     D:4: 67 daAuts
